AoeStats
← | ArCas | Toruk Makto

Pilgrims

509248803Analyzed
4v4 RM · 5d ago on Sep 26, 2026· 48m 22s· 8 players
Game mode
Random Map
Map size
Large (8 player)
Population
200
Speed
Normal
Resources
Standard
Victory
Conquest
Starting age
Dark Age
Ending age
Imperial Age
RankedLock teamsTeams togetherTeam positionsShared explorationLock speedFull tech treeHidden civsTurbo modeCheats
Victory
Defeat
🇨🇳 Poles · China
1402
+14
🇨🇳 Wu · China
1349
+16
🇷🇺 Italians · Russia
1337
+16
🇺🇸 Romans · United States
1304
+17
🇲🇽 Malay · Mexico
1375
-17
🇨🇱 Magyars · Chile
1358
-16
🇦🇷 Berbers · Argentina
1330
-15
🇦🇷 Persians · Argentina
1330
-15
VL Ferdinand
3:39 Loom
11:39 Feudal Age
11:23 Double-Bit Axe
11:28 Fishing Lines
13:47 Wheelbarrow
13:52 Gold Mining
14:36 Fletching
18:40 Castle Age
18:20 Gillnets
20:54 Bow Saw
21:28 Gold Shaft Mining
21:09 Medium Warships
20:51 Horse Collar
21:00 Crossbowman
23:16 Stone Mining
24:40 Town Watch
26:34 Hand Cart
27:56 Pikeman
30:23 Ballistics
| ArCas | Toruk Makto
8:06 Loom
10:24 Feudal Age
14:13 Castle Age
13:33 Stone Mining
13:50 Fletching
16:16 Horse Collar
16:23 Double-Bit Axe
18:59 Crossbowman
22:27 Padded Archer Armor
27:10 Bodkin Arrow
28:12 Town Watch
30:21 Wheelbarrow
30:22 Ballistics
31:07 Bow Saw
31:01 Heavy Plow
36:19 Imperial Age
36:22 Town Patrol
36:40 Leather Archer Armor
36:36 Forging
36:34 Scale Barding Armor
37:11 Bloodlines
36:40 Light Cavalry
38:55 Conscription
38:46 Elite Camel Archer
40:57 Hoardings
39:49 Heavy Camel Rider
40:29 Husbandry
43:56 Iron Casting
43:52 Gold Mining
47:21 Blast Furnace
Polaco
11:42 Feudal Age
11:18 Loom
15:55 Castle Age
14:34 Double-Bit Axe
14:50 Horse Collar
16:56 Bow Saw
21:53 Wheelbarrow
22:21 Heavy Plow
23:45 Town Watch
28:32 Imperial Age
26:48 Scale Barding Armor
26:53 Forging
26:57 Bloodlines
29:25 Iron Casting
29:36 Chain Barding Armor
28:40 Cavalier
30:02 Husbandry
31:07 Blast Furnace
30:23 Gold Mining
31:49 Savar
36:20 Plate Barding Armor
41:22 Gold Shaft Mining
42:40 Light Cavalry
43:33 Fletching
44:11 Bodkin Arrow
DD2E D10 Bulldozer
10:05 Feudal Age
10:46 Double-Bit Axe
10:57 Loom
12:29 Fletching
14:44 Wheelbarrow
19:59 Castle Age
19:06 Stone Mining
19:09 Gold Mining
21:07 Medium Warships
20:57 Bodkin Arrow
22:47 Ballistics
23:46 Careening
30:11 Clinker Construction
31:21 Horse Collar
35:04 Imperial Age
33:29 Pikeman
34:13 Scale Mail Armor
im a cute female irl
4:20 Loom
12:17 Feudal Age
12:24 Man-at-Arms
19:35 Castle Age
20:41 Double-Bit Axe
21:08 Horse Collar
22:44 Bow Saw
25:57 Gold Mining
31:46 Scale Barding Armor
31:52 Forging
34:51 Imperial Age
33:41 Bloodlines
33:31 Husbandry
34:12 Gold Shaft Mining
35:06 Cavalier
37:04 Chain Barding Armor
37:40 Iron Casting
39:27 Plate Barding Armor
41:33 Blast Furnace
44:38 Wheelbarrow
43:49 Town Watch
Watermelon
5:09 Loom
11:03 Feudal Age
11:58 Double-Bit Axe
19:54 Castle Age
22:14 Medium Warships
26:34 Careening
27:25 Siphons
41:59 Fletching
45:13 Bodkin Arrow
45:39 Ballistics
48:10 Fortified Wall
48:23 Masonry
鸡比拜神
8:24 Loom
11:43 Feudal Age
16:45 Castle Age
14:59 Double-Bit Axe
15:30 Stone Mining
17:37 Bow Saw
18:32 Fletching
20:40 Fletching
21:42 Bodkin Arrow
22:36 Padded Archer Armor
25:11 Ballistics
26:51 Wheelbarrow
28:20 Leather Archer Armor
30:53 Hand Cart
34:36 Town Watch
34:54 Scale Mail Armor
35:05 Forging
35:13 Gold Mining
35:59 Stone Shaft Mining
35:00 Pikeman
35:41 Squires
35:58 Chain Mail Armor
39:42 Iron Casting
45:13 Imperial Age
45:19 Imperial Age
46:33 Conscription
45:57 Halberdier
48:42 Bracer
卫星点灯
12:09 Feudal Age
16:51 Castle Age
15:23 Double-Bit Axe
15:28 Horse Collar
17:51 Bow Saw
19:22 Heavy Plow
21:03 Wheelbarrow
20:30 Stone Mining
29:00 Imperial Age
26:47 Hand Cart
26:19 Loom
27:09 Fortified Wall
27:17 Gold Mining
28:00 Husbandry
28:13 Scale Barding Armor
28:18 Forging
28:52 Bloodlines
28:03 Light Cavalry
28:55 Szlachta Privileges
30:07 Chain Barding Armor
30:23 Iron Casting
30:42 Crop Rotation
34:57 Blast Furnace
35:21 Stone Shaft Mining
35:08 Winged Hussar
36:20 Lechitic Legacy
35:43 Cavalier
39:00 Town Watch
39:11 Fletching
41:05 Bodkin Arrow
45:36 Conscription
Connection lost

Rejoining the realm…

Still unreachable

The connection could not be restored.

Session expired

The server has moved on; the page needs a fresh start.